 Dungeon Crawl Stone Soup version 0.30-a0-578-gdee14c521f (webtiles) character file.

Game seed: 11509881933314923498

3653 experimilk the Destroyer (level 9, -9/62 HPs)
             Began as a Black Draconian Conjurer on Dec 31, 2022.
             Was a Believer of Vehumet.
             Mangled by a death yak (16 damage)
             ... on level 9 of the Dungeon.
             The game lasted 00:24:41 (10053 turns).

experimilk the Destroyer (DrCj)                    Turns: 10053, Time: 00:24:42

Health: -9/62      AC: 12    Str:  9    XL:     9   Next: 88%
Magic:  3/19       EV: 12    Int: 22    God:    Vehumet [**....]
Gold:   425        SH:  0    Dex: 11    Spells: 4/22 levels left

rFire   . . .      SeeInvis .    q - +4 quarterstaff (chaos)
rCold   . . .      Faith    .    (shield currently unavailable)
rNeg    . . .      Spirit   .    (body armour unavailable)
rPois   .          Reflect  .    (helmet restricted)
rElec   +          Harm     .    p - +2 cloak
rCorr   .          Rampage  .    s - +0 pair of gloves
Will    .....                    c - +0 pair of boots
Stlth   ++                       (no amulet)
HPRegen 0.30/turn                (no ring)
MPRegen 0.16/turn                (no ring)

@: about to teleport, short of breath, freezing walls
A: breathe lightning, AC +7, unfitting armour, electricity resistance,
cold-blooded
a: Breathe Lightning, Renounce Religion


You were on level 9 of the Dungeon.
You worshipped Vehumet.
Vehumet was pleased with you.
You visited 2 branches of the dungeon, and saw 10 of its levels.

You collected 425 gold pieces.

Inventory:

Hand Weapons
 e - a +0 dagger
 q - a +4 quarterstaff of chaos (weapon)
Missiles
 u - a throwing net
Armour
 c - a +0 pair of boots (worn)
 p - a +2 cloak (worn)
 s - a +0 pair of gloves (worn)
 y - a +0 buckler
Wands
 w - a wand of quicksilver (4)
 z - a wand of iceblast (8)
Scrolls
 a - 3 scrolls of magic mapping {unknown}
 b - 5 scrolls of teleportation
 f - 3 scrolls of amnesia {unknown}
 g - 3 scrolls of fog
 k - 3 scrolls of poison
 l - 2 scrolls of enchant weapon {unknown}
 t - 2 scrolls of acquirement {unknown}
 A - a scroll of fear {unknown}
 C - a scroll of immolation {unknown}
 D - a scroll of silence {unknown}
 E - 3 scrolls of enchant armour {unknown}
Potions
 d - a potion of haste
 h - 2 potions of attraction
 i - a potion of ambrosia
 j - a potion of berserk rage {unknown}
 m - 6 potions of might
 o - 4 potions of brilliance
 r - 2 potions of flight
 v - 2 potions of mutation {unknown}
 B - 2 potions of invisibility {unknown}


   Skills:
 - Level 1.7 Dodging
 - Level 1.7 Stealth
 - Level 7.0 Spellcasting
 - Level 11.0 Conjurations
 * Level 4.1 Ice Magic
 * Level 6.0 Air Magic


You had 4 spell levels left.
You knew the following spells:

 Your Spells              Type           Power      Damage    Failure   Level
a - Airstrike             Air            17%        2d(3-19)  7%          4
b - Magic Dart            Conj           100%       1d8       1%          1
c - Fulminant Prism       Conj/Hex       15%        3d11      9%          4
d - Shock                 Conj/Air       100%       1d9       1%          1
q - Swiftness             Air            34%        N/A       1%          3
r - Frozen Ramparts       Ice            50%        1d8       4%          3
z - Searing Ray           Conj           100%       2d8       1%          2

Your spell library contained the following spells:

 Spells                   Type           Power      Damage    Failure   Level
 Freeze                   Ice            100%       1d10      1%          1
 Dazzling Flash           Conj/Hex       62%        N/A       2%          3
 Iskenderun's Mystic Bla  Conj/Tloc      31%        2d8       9%          4
 Call Canine Familiar     Summ           7%         N/A       24%         3
 Portal Projectile        Hex/Tloc       14%        N/A       24%         3
 Ice Form                 Ice/Tmut       16%        N/A       34%         4
 Summon Ice Beast         Ice/Summ       16%        N/A       34%         4
 Leda's Liquefaction      Hex/Erth       3%         N/A       63%         4


Dungeon Overview and Level Annotations

Branches:
Dungeon (9/15)             Temple (1/1) D:5
   Lair: D:8-11         Orc: D:9-12

Altars:
Elyvilon
Kikubaaqudgha
Nemelex Xobeh
Qazlal
Ru
Trog
Uskayaw
Vehumet
Xom
Yredelemnul
The Shining One


Innate Abilities, Weirdness & Mutations

You can breathe wild blasts of lightning.
Your glossy black scales are hard. (AC +7)
You cannot fit into any form of body armour.
You are resistant to electric shocks. (rElec)
You are cold-blooded and may be slowed by cold attacks.


Message History

The wall freezes the death yak but does no damage. x2
The death yak gores you.
* * * LOW HITPOINT WARNING * * *
The wall freezes the yak.
The yak closely misses you.
The wall freezes the death yak!
Unknown command.
You hit the yak but do no damage.
Your tail-slap misses the yak.
The yak is almost dead.
The wall freezes the death yak.
The death yak gores you.
* * * LOW HITPOINT WARNING * * *
The wall freezes the yak but does no damage.
The wall freezes the yak.
The yak closely misses you.
The wall freezes the death yak.
The wall freezes the yak.
You kill the yak!
Vehumet accepts your kill.
You feel your power returning.
The wall freezes the death yak.
The death yak gores you but does no damage.
The wall freezes the death yak.
The wall freezes the yak.
The wall freezes the death yak but does no damage.
The death yak gores you but does no damage.
Your Ice Magic skill increases to level 4!
Your Air Magic skill increases to level 6!
Unknown command.
Casting: Searing Ray (safe; 1% risk of failure)
Confirm with . or Enter, or press ? or * to list all spells.
Aiming: Searing Ray (safe; 1% risk of failure)
Press: ? - help, Shift-Dir - straight line, f - yak
Aim: a yak (heavily wounded, 90% to hit)
The searing ray hits the death yak!
The death yak is heavily wounded.
The searing ray hits the death yak.
The death yak is heavily wounded.
The searing ray hits the yak!
The yak is almost dead. (Press . to maintain the ray.)
The wall freezes the death yak.
The death yak gores you!
* * * LOW HITPOINT WARNING * * *
The wall freezes the yak but does no damage.
The wall freezes the death yak!
The death yak gores you!
You die...

.......###......##.# #.Y......
........#..#.÷..##.####.......#.
.....##...##....##.......#..#g..
#....##.........####..#.....#...
#....##.#>.##............##.....
#.............#..YY.....)# .
'....##.####....#YY....#....
####.##.# #....†#Y##..###...#
.#. # #.##.# #..#..@Y##...#
..... .. #
..##.###.....####.#...##.##... +
#..#...#......###.##... .# .#. #
##.###.#..........# #.# .. # .#
#.........## ##. . # ##.#......#
#... # + #..#....#.# ## #... # #
#..##...#.# #.. #..# # # #
#..##.....# #.# #..#####


You could see 3 death yaks and 3 yaks.

Vanquished Creatures
  Grinder (D:4)
  A hornet (D:8)
  2 yaks (D:9)
  3 water moccasins
  An orc warrior (D:7)
  4 ogres
  2 centaurs
  A phantom (D:7)
  2 necrophages
  5 bullfrogs
  A scorpion (D:6)
  A gnoll sergeant (D:5)
  4 wights (D:9)
  3 killer bees (D:9)
  3 vampire bats (D:5)
  2 jellies
  2 gnoll boudas
  An orc priest (D:7)
  Crazy Yiuf (D:2)
  3 hounds
  2 iguanas
  Jessica (D:3)
  7 orc wizards
  Terence (D:3)
  3 hell rats (D:9)
  3 adders
  17 gnolls
  2 river rats (D:9)
  A shadow imp (D:7)
  2 white imps (D:7)
  An ufetubus (D:6)
  2 worms
  4 dart slugs (D:1)
  30 orcs
  8 bats
  6 endoplasms
  4 giant cockroaches
  10 goblins
  5 hobgoblins
  12 jackals
  5 kobolds
  6 quokkas
  3 ball pythons
  9 frilled lizards
  8 rats
195 creatures vanquished.

Vanquished Creatures (others)
  4 fulminant prisms (D:9)
4 creatures vanquished.

Grand Total: 199 creatures vanquished

Notes
Turn   | Place    | Note
-------+----------+-------------------------------------------
     0 | D:1      | experimilk the Draconian Conjurer began the quest for the
                  | Orb.
     0 | D:1      | Reached XP level 1. HP: 14/14 MP: 3/3
   144 | D:1      | Reached XP level 2. HP: 19/20 MP: 0/5
   147 | D:1      | Learned a level 2 spell: Searing Ray
   730 | D:1      | Reached XP level 3. HP: 26/26 MP: 3/6
  1553 | D:2      | Reached skill level 5 in Conjurations
  1839 | D:2      | Found a runed translucent door.
  1840 | D:2      | Noticed Crazy Yiuf
  1847 | D:2      | Killed Crazy Yiuf
  1848 | D:2      | Reached XP level 4. HP: 33/33 MP: 2/8
  2117 | D:3      | Found a faded altar of an unknown god.
  2117 | D:3      | Noticed a great orb of eyes
  2122 | D:3      | Noticed a golden eye
  2147 | D:3      | Noticed a +0 falchion
  2147 | D:3      | Noticed a +0 spear
  2147 | D:3      | Noticed a +0 dagger
  2147 | D:3      | Noticed a +0 short sword
  2149 | D:3      | Noticed a +0 short sword
  2157 | D:3      | Noticed a +0 spear
  2158 | D:3      | Noticed a +0 dagger
  2160 | D:3      | Noticed a +0 falchion
  2212 | D:3      | Noticed a floating eye
  2215 | D:3      | Noticed a shining eye
  2311 | D:3      | Found an ancient bone altar of Kikubaaqudgha.
  2420 | D:3      | Found a faded altar of an unknown god.
  2480 | D:3      | Found a stormy altar of Qazlal.
  2819 | D:3      | Noticed Terence
  2831 | D:3      | Killed Terence
  2832 | D:3      | Reached XP level 5. HP: 27/38 MP: 1/9
  2979 | D:3      | Noticed Jessica
  2981 | D:3      | Killed Jessica
  2982 | D:3      | Reached skill level 6 in Conjurations
  3111 | D:3      | Found a hide-covered altar of Uskayaw.
  3315 | D:4      | Noticed an ogre
  3321 | D:4      | Killed an ogre
  3322 | D:4      | Reached skill level 7 in Conjurations
  3322 | D:4      | Reached XP level 6. HP: 45/45 MP: 2/10
  3527 | D:4      | Noticed Grinder
  3620 | D:4      | Found a basalt altar of Yredelemnul.
  3675 | D:4      | Killed Grinder
  3676 | D:4      | Reached skill level 8 in Conjurations
  3676 | D:4      | Your scales start taking on a glossy black colour.
  3676 | D:4      | Reached XP level 7. HP: 33/50 MP: 2/11
  3676 | D:4      | Gained mutation: You are resistant to electric shocks.
                  | (rElec) [Black Draconian growth]
  3755 | D:4      | Learned a level 4 spell: Fulminant Prism
  4107 | D:5      | Entered Level 5 of the Dungeon
  4116 | D:5      | Learned a level 3 spell: Frozen Ramparts
  4152 | D:5      | Reached skill level 1 in Ice Magic
  4253 | D:5      | Reached skill level 9 in Conjurations
  4382 | D:5      | Found a staircase to the Ecumenical Temple.
  4415 | Temple   | Entered the Ecumenical Temple
  4498 | Temple   | Became a worshipper of Vehumet
  4882 | D:5      | Reached XP level 8. HP: 28/57 MP: 0/13
  5272 | D:5      | Found a shimmering altar of Xom.
  6315 | D:6      | Reached skill level 10 in Conjurations
  6851 | D:7      | Reached * piety under Vehumet
  6851 | D:7      | Offered knowledge of Foxfire by Vehumet.
  6900 | D:7      | Reached skill level 5 in Spellcasting
  7032 | D:7      | Learned a level 1 spell: Shock
  7037 | D:7      | Learned a level 4 spell: Airstrike
  7247 | D:7      | Reached skill level 1 in Air Magic
  7247 | D:7      | Reached XP level 9. HP: 62/62 MP: 11/16
  7465 | D:7      | HP: 3/62 [bounced beam (4)]
  7466 | D:7      | Reached skill level 11 in Conjurations
  8610 | D:8      | Found a sparkling altar of Nemelex Xobeh.
  8610 | D:8      | Found a white marble altar of Elyvilon.
  8689 | D:9      | Noticed a death yak
  8694 | D:9      | Noticed a death yak
  8695 | D:9      | Noticed a death yak
  8710 | D:8      | Paralysed by a hornet for 2 turns
  8736 | D:8      | Reached skill level 5 in Air Magic
  9117 | D:8      | Learned a level 3 spell: Swiftness
  9718 | D:9      | Found a bloodstained altar of Trog.
  9814 | D:9      | Reached ** piety under Vehumet
  9814 | D:9      | Offered knowledge of Freeze by Vehumet.
 10053 | D:9      | Mangled by a death yak

Illustrated notes

Levels and vault maps discovered:
D:1:      co_arrival_random_square_maze, layout_basic, minmay_bisected
D:2:      layout_rooms, uniq_crazy_yiuf_cottage
D:3:      layout_basic, mainiacjoe_overflow_tiny_flanked,
          nicolae_overflow_ecumenical_swirl, nicolae_uskayaw_en_pointe,
          hellmonk_ecumenical_altar_watching_god,
          chequers_serial_rivers_small_a, uniq_terence, uniq_jessica
D:4:      layout_rooms, yredelemnul_altar_generic, minmay_three_crescents,
          uniq_grinder
D:5:      wander_river, layout_basic, tgw_xom, minmay_temple_entry_water_ring,
          roderic_batcave
D:6:      layout_basic
D:7:      layout_basic
D:8:      layout_cave_pools, mainiacjoe_overflow_divided_tiny
D:9:      layout_rooms, mainiacjoe_overflow_24_doors, dpeg_lair_monsters
Temple:   nicolae_temple_figure_eight

Skill      XL: |  1  2  3  4  5  6  7  8  9 |
---------------+----------------------------+-----
Conjurations   | 5 7 8 9 10 11 | 11.0
Spellcasting   | 3 5 7 |  7.0
Ice Magic      | 2 3 4 |  4.1
Air Magic      | 1 6 |  6.0
Dodging        | |  1.7
Stealth        | |  1.7

Action                   |  1- 3 |  4- 6 |  7- 9 || total
-------------------------+-------+-------+-------++-------
Melee: Unarmed           |    30 |       |       ||    30
       Tailslap          |     4 |     3 |     8 ||    15
       Quarterstaff      |       |    23 |    54 ||    77
 Cast: Magic Dart        |    61 |    60 |    69 ||   190
       Searing Ray       |    10 |    16 |    44 ||    70
       Frozen Ramparts   |       |       |    14 ||    14
       Shock             |       |       |    69 ||    69
       Fulminant Prism   |       |       |     4 ||     4
 Abil: Breathe Lightning |       |       |    11 ||    11
Evoke: Wand              |       |       |     3 ||     3
  Use: Scroll            |     2 |     5 |     8 ||    15
       Potion            |       |     1 |     9 ||    10
Armor: Skin              |     5 |    11 |    72 ||    88
Dodge: Dodged            |    24 |    33 |   118 ||   175

Table legend: (Time is in decaauts)
 A = Elapsed time spent in this place.
 B = Non-inter-level travel time spent in this place.
 C = Inter-level travel time spent in this place.
 D = Time resting spent in this place.
 E = Time spent auto-exploring this place.
 F = Levels seen in this place.
 G = Mean time per level.
                   A        B        C        D        E       F      G
               +--------+--------+--------+--------+--------+-----+--------+
         Total |  10106 |   9849 |    257 |   2416 |   6038 |  10 | 1010.6 |
       Dungeon |  10013 |   9765 |    248 |   2416 |   5959 |   9 | 1112.6 |
        Temple |     93 |     84 |      9 |      0 |     79 |   1 |   93.0 |
               +--------+--------+--------+--------+--------+-----+--------+

Top non-repeatable levels by time:
     D:5: 1450 daAuts
     D:7: 1397 daAuts
     D:3: 1300 daAuts
     D:1: 1201 daAuts
     D:8: 1125 daAuts
     D:4: 1080 daAuts
     D:6: 940 daAuts
     D:9: 786 daAuts
     D:2: 729 daAuts
  Temple: 93 daAuts
